 Dungeon Sprint DCSS version 0.30.1-11-g7821555f0a (webtiles) character file.

Game seed: 17285530615546670174

896 Groucho the Geomancer (level 7, -5/36 HPs)
             Began as a Deep Elf Earth Elementalist on Jan 15, 2024.
             Was a High Priest of Sif Muna.
             Slain by a hornet (13 damage)
             ... in the Dungeon (Sprint VII: "The Pits").
             The game lasted 00:05:50 (2380 turns).

Groucho the Geomancer (Deep Elf Earth Elementalist) Turns: 2380, Time: 00:05:51

Health: -5/36      AC: 11    Str: 11    XL:     7   Next: 79%
Magic:  11/22      EV: 11    Int: 22    God:    Sif Muna [*****.]
Gold:   0          SH:  0    Dex: 15    Spells: 18/26 levels left

rFire   . . .        h - +2 dagger
rCold   . . .        (no shield)
rNeg    . . .        r - +5 ring mail
rPois   .            (no helmet)
rElec   .            q - +0 cloak
rCorr   .            (no gloves)
SInv    .            (no boots)
Will    .....        (no amulet)
Stlth   ++           a - +3 ring of strength
HPRegen 0.26/turn    l - +3 ring of strength
MPRegen 0.18/turn

%: no teleportation
@: slowed, very slow
A: no striking features
a: Renounce Religion, Channel Magic, Forget Spell, Divine Exegesis


You were in the Dungeon.
You worshipped Sif Muna.
Sif Muna was extremely pleased with you.
You visited 1 branch

Inventory:

Hand Weapons
 h - a +2 dagger (weapon)
Armour
 q - a +0 cloak (worn)
 r - a +5 ring mail (worn)
Jewellery
 a - a +3 ring of strength (left hand)
 l - a +3 ring of strength (right hand)
Scrolls
 g - a scroll of blinking
 j - 5 scrolls of amnesia
 k - a scroll of summoning
Potions
 b - 5 potions of magic
 c - 5 potions of curing
 d - 9 potions of heal wounds
 f - 3 potions of berserk rage
 i - a potion of invisibility
 m - 2 potions of brilliance
 n - a potion of resistance
 o - a potion of might
 p - a potion of mutation


   Skills:
 + Level 3.8 Short Blades
 - Level 2.4 Dodging
 + Level 5.7 Stealth
 + Level 10.1 Spellcasting
 + Level 7.9 Conjurations
 + Level 4.3 Transmutations
 + Level 10.9 Earth Magic
 + Level 7.4 Invocations


You had 18 spell levels left.
You knew the following spells:

 Your Spells              Type           Power      Damage    Failure   Level
a - Sandblast             Erth           100%       2d20      1%          1
b - Stone Arrow           Conj/Erth      100%       3d13      1%          3
c - Petrify               Tmut/Erth      44%        N/A       6%          4

Your spell library contained the following spells:

 Spells                   Type           Power      Damage    Failure   Level
 Passwall                 Tmut/Erth      36%        N/A       1%          2
 Kiss of Death            Conj/Necr      100%       2d13      3%          1
 Confusing Touch          Hex            11%        N/A       41%         3
 Dispel Undead            Necr           11%        3d9       82%         4


Dungeon Overview and Level Annotations

Branches:
Dungeon (1/1)

Altars:
Ashenzari
Cheibriados
Dithmenos
Elyvilon
Fedhas
Gozag
Hepliaklqana
Kikubaaqudgha
Makhleb
Nemelex Xobeh
Okawaru
Qazlal
Ru
Sif Muna
Trog
Uskayaw
Vehumet
Wu Jian
Xom
Yredelemnul
Zin
The Shining One
Jiyva
Lugonu


Message History

Press: ? - help, Q - select action, (/) - cycle Shift-Dir - straight line, f - tarantella, p - hornet
Aim: a tarantella (wandering, hasn't noticed you, 66% to hit)
The stone arrow hits the bat zombie!
You destroy the bat zombie!
Sif Muna accepts your kill.
The tarantella's many legs skitter faintly.
The hornet misses you.
Unknown command.
Unknown command.
Aiming: Stone Arrow (safe; 1% risk of failure)
Press: ? - help, Q - select action, (/) - cycle Shift-Dir - straight line, f - iguana, p - tarantella
Aim: an iguana (81% to hit)
The stone arrow misses the iguana.
The hornet stings you!
You are poisoned.
You suddenly lose the ability to move!
The hornet stings you.
You are more poisoned.
You feel yourself slow down.
You feel yourself speed up.
You feel very sick.
The tarantella touches you but does no damage.
The hornet stings you but does no damage.
The tarantella touches you but does no damage.
You feel very sick. The hornet stings you.
* * * LOW HITPOINT WARNING * * *
You are more poisoned.
You feel yourself slow down. The tarantella completely misses you.
The hornet stings you.
* * * LOW HITPOINT WARNING * * *
You are more poisoned.
You feel as though you will be slow longer.
You can move again.
Unknown command.
You feel better. The tarantella touches you.
* * * LOW HITPOINT WARNING * * *
The hornet misses you. The tarantella touches you.
* * * LOW HITPOINT WARNING * * *
The hornet stings you!
You die...

__...###########++######
####'##................#
)))'.##......#..#......#
####.##................+
......'................+
#)#####......#..#......#
.....##................#
####'#####'#####''######
...).##.......##@'#
.....##.......##ys##
##'####.......##l..#
.))††##...<...###...#
.....##.......# ##......
.....##.......# ..###+#
#######.......# .##
..#.. ######### s.
..#.########### .y


You could see a hornet, a tarantella and an iguana.

Vanquished Creatures
  An efreet (D)
  A flying skull (D)
  A steam dragon (D)
  A wolf (D)
  A kobold brigand (D)
  A scorpion (D)
  A hound (D)
  An iron imp (D)
  Jessica (D)
  A mummy (D)
  A gnoll (D)
  3 adders (D)
  A river rat (D)
  A white imp (D)
  A bat zombie (D)
  An endoplasm (D)
  2 jackals (D)
  A bat (D)
  A frilled lizard (D)
  4 goblins (D)
26 creatures vanquished.

Notes
Turn   | Place    | Note
-------+----------+-------------------------------------------
     0 | D        | Groucho the Deep Elf Earth Elementalist began the quest for
                  | the Orb.
     0 | D        | Reached XP level 1. HP: 10/10 MP: 6/6
    40 | D        | Found a bloodstained altar of Trog.
    40 | D        | Found a shimmering blue altar of Sif Muna.
    40 | D        | Found a viscous altar of Jiyva.
    40 | D        | Found a hazy altar of Hepliaklqana.
    40 | D        | Found an opulent altar of Gozag.
    41 | D        | Found a glowing golden altar of the Shining One.
    41 | D        | Found a glowing silver altar of Zin.
    41 | D        | Found a basalt altar of Yredelemnul.
    41 | D        | Found a shimmering altar of Xom.
    41 | D        | Found an ornate altar of the Wu Jian Council.
    41 | D        | Found a sacrificial altar of Ru.
    41 | D        | Found a stormy altar of Qazlal.
    41 | D        | Found an iron altar of Okawaru.
    41 | D        | Found a sparkling altar of Nemelex Xobeh.
    41 | D        | Found a burning altar of Makhleb.
    41 | D        | Found a blossoming altar of Fedhas.
    41 | D        | Found a white marble altar of Elyvilon.
    41 | D        | Found a shadowy altar of Dithmenos.
    41 | D        | Found a snail-covered altar of Cheibriados.
    43 | D        | Found a radiant altar of Vehumet.
    43 | D        | Found a corrupted altar of Lugonu.
    44 | D        | Found a hide-covered altar of Uskayaw.
    44 | D        | Found an ancient bone altar of Kikubaaqudgha.
    44 | D        | Found a broken altar of Ashenzari.
    46 | D        | Became a worshipper of Sif Muna the Loreminder
    65 | D        | Reached XP level 2. HP: 10/15 MP: 3/9
   229 | D        | Reached * piety under Sif Muna
   230 | D        | Noticed a scorpion
   233 | D        | Killed a scorpion
   234 | D        | Reached skill level 5 in Spellcasting
   234 | D        | Reached XP level 3. HP: 11/19 MP: 6/12
   234 | D        | Reached XP level 4. HP: 14/24 MP: 6/13
   455 | D        | Reached ** piety under Sif Muna
   751 | D        | Noticed a kobold brigand
   753 | D        | Noticed Jessica
   761 | D        | Killed Jessica
   761 | D        | Reached *** piety under Sif Muna
   764 | D        | Reached XP level 5. HP: 21/28 MP: 11/16
   765 | D        | Reached skill level 5 in Conjurations
   765 | D        | Reached skill level 5 in Invocations
   771 | D        | Reached **** piety under Sif Muna
   779 | D        | Noticed a wolf
   783 | D        | Killed a wolf
   784 | D        | Reached XP level 6. HP: 20/32 MP: 6/19
   832 | D        | Reached skill level 10 in Earth Magic
  1192 | D        | Learned a level 3 spell: Stone Arrow
  1197 | D        | Learned a level 4 spell: Petrify
  1197 | D        | Noticed an efreet
  1199 | D        | Killed an efreet
  1200 | D        | Reached XP level 7. HP: 36/36 MP: 13/21
  1526 | D        | Reached ***** piety under Sif Muna
  1528 | D        | Received a gift from Sif Muna
  1794 | D        | Noticed a steam dragon
  1794 | D        | Noticed a flying skull
  1796 | D        | Killed a flying skull
  1797 | D        | Reached skill level 5 in Stealth
  1798 | D        | Killed a steam dragon
  1799 | D        | Reached skill level 10 in Spellcasting
  2370 | D        | Noticed a hornet
  2370 | D        | Noticed a tarantella
  2377 | D        | Paralysed by a hornet for 3 turns
  2380 | D        | Slain by a hornet

Illustrated notes

Levels and vault maps discovered:
D:        pitsprint [storerooms_1, entrance_room_1, metal_vault_5, armoury_2,
          mini_pit_1, grid_room_1, main_hall_1, silver_pit, the_coven_3,
          the_vestibule_1, steel_vault_5, golden_pit, hallway_of_sentries,
          crystal_vault_5, iron_vault_3, final_vault]

Skill      XL: |  1  2  3  4  5  6  7 |
---------------+----------------------+-----
Spellcasting   | 4 5 6 8 9 10 | 10.1
Conjurations   | 2 3 4 6 7 |  7.9
Earth Magic    | 4 6 8 9 10 | 10.9
Invocations    | 2 4 5 6 7 |  7.4
Short Blades   | 2 3 |  3.8
Stealth        | 4 5 |  5.7
Transmutations | 3 4 |  4.3
Dodging        | |  2.4

Action                     |  1- 3 |  4- 6 |  7- 9 || total
---------------------------+-------+-------+-------++-------
  Melee: Dagger            |     1 |     1 |       ||     2
   Cast: Sandblast         |     9 |    21 |       ||    30
         Stone Arrow       |       |     2 |    13 ||    15
    Use: Potion            |       |     4 |     1 ||     5
 Armour: Robe              |       |     4 |       ||     4
         Ring mail         |       |       |     4 ||     4
  Dodge: Dodged            |     4 |     9 |     3 ||    16
